 Dungeon Crawl Stone Soup version 0.18.1-5-g4a78601 (webtiles) character file.

33 DEFE the Sneak (level 3, 0/16 HPs)
             Began as a Vine Stalker Enchanter on May 13, 2016.
             Succumbed to an adder's poison
             ... on level 2 of the Dungeon.
             The game lasted 00:02:06 (417 turns).

DEFE the Sneak (Vine Stalker Enchanter)              Turns: 417, Time: 00:02:07

Health: 0/16       AC:  4    Str: 10    XL:     3   Next: 29%
Magic:  2/7        EV: 12    Int: 16    God:
Gold:   35         SH:  0    Dex: 14    Spells: 1 memorised, 5 levels left

rFire  . . .     SeeInvis .     a - +1 dagger
rCold  . . .     Gourm    .     b - +1 robe
rNeg   . . .     Faith    .     (no shield)
rPois  .         Spirit   +     (no helmet)
rElec  .         Dismiss  .     k - +0 cloak
rCorr  .         Reflect  .     (no gloves)
SustAt .         Harm     .     (no boots)
MR     .....                    (no amulet)
Stlth  +++.......               (no ring)
                                (no ring)

@: lethally poisoned (0 -> 0), not resistant to hostile enchantments, fairly
stealthy
A: fangs 2, regeneration 1, magic shield, antimagic bite, no device heal 3, rot
immunity
a: no special abilities


You were on level 2 of the Dungeon.
You were not hungry.

You visited 1 branch of the dungeon, and saw 2 of its levels.

You collected 35 gold pieces.

Inventory:

Hand Weapons
 a - a +1 dagger (weapon)
Armour
 b - a +1 robe (worn)
 k - a +0 cloak (worn)
Scrolls
 e - 2 scrolls of identify {unknown}
 g - 3 scrolls of random uselessness {unknown}
 i - a scroll of magic mapping {unknown}
 l - 2 scrolls of remove curse {unknown}
Potions
 h - a potion of flight {unknown}
Books
 c - a book of Maledictions

   Spells                             Type                      Level
   a - Corona                         Hexes                        1
   b - Ensorcelled Hibernation        Hexes/Ice                    2
   c - Confuse                        Hexes                        3
   d - Tukima's Dance                 Hexes                        3
   e - Dazzling Spray                 Conjuration/Hexes            3
Comestibles
 d - 2 bread rations
 f - 2 meat rations
 j - a beef jerky


   Skills:
 + Level 1.2 Short Blades
 + Level 2.1 Dodging
 + Level 4.0 Stealth
 + Level 2.3 Spellcasting
 + Level 3.3 Hexes


You had 5 spell levels left.
You knew the following spells:

 Your Spells              Type           Power        Failure   Level  Hunger
a - Corona                Hex            ##.....      8%          1    #......


Dungeon Overview and Level Annotations

Branches:
Dungeon (2/15)

Altars:


Innate Abilities, Weirdness & Mutations

You have extremely sharp teeth.
Your natural rate of healing is unusually fast.
When hurt, damage is shared between your health and your magic reserves.
Your bite disrupts and absorbs the magic of your enemies.
Potions and wands cannot restore your health.
You are immune to rotting.


Message History

The worm is heavily wounded.
You feel sick.
You hit the worm. You bite the worm. You drain its power.
The worm is severely wounded.
The worm bites you!
* * * LOW HITPOINT WARNING * * *
You are too injured to fight recklessly!
You are too injured to fight recklessly!
Unknown command.
Casting: Corona
Confirm with . or Enter, or press ? or * to list all spells.
Aiming: Corona
Press: ? - help, Shift-Dir - straight line, f - worm
Aim: a worm (heavily wounded, chance to defeat MR: 57%)
The worm is outlined in light.
You hit the worm.
The worm is severely wounded.
The worm bites you.
* * * LOW HITPOINT WARNING * * *
You die...

..... #.####.# ##.##
...... ........ ...
...... ........ ...
...... .....#.# #.#
......##.##.#.# #.# #
.......#.##.#.####.###.#
##.#...#.##.........<..#
....%....##...####.###.#
##.#....w†@...# #... #
.........##..## #####
##.#.........# #
#...#..........
##..#.....#####
#...#.....# #...#.....#
#...#.....# #. #.....#


You could see a worm.

Vanquished Creatures
  An adder (D:2)
  A giant gecko (D:1)
  2 bats (D:1)
  A giant cockroach (D:2)
  4 goblins (D:1)
  5 hobgoblins (D:1)
  4 giant newts (D:1)
  A kobold (D:1)
  6 rats (D:1)
25 creatures vanquished.

Notes
Turn   | Place    | Note
--------------------------------------------------------------
     0 | D:1      | DEFE the Vine Stalker Enchanter began the quest for the Orb.
     0 | D:1      | Reached XP level 1. HP: 9/9 MP: 4/4
    77 | D:1      | Reached skill level 1 in Short Blades
    77 | D:1      | Reached XP level 2. HP: 6/13 MP: 4/6
   339 | D:1      | Reached skill level 4 in Stealth
   389 | D:2      | Reached XP level 3. HP: 16/16 MP: 7/7
   417 | D:2      | Succumbed to an adder's poison

Skill      XL: |  1  2 |
---------------+-------+-----
Short Blades   | 1 |  1.2
Dodging        | 2 |  2.1
Stealth        | 4 |  4.0
Spellcasting   | |  2.3
Hexes          | |  3.3

Action                   || total
-------------------------++-------
Melee: Dagger            ||    63
       Bite              ||    14
 Cast: Corona            ||     1
 Stab: Sleeping          ||    10
Armor: Robe              ||     8
Dodge: Dodged            ||    35
